 Dungeon Crawl Stone Soup version 0.17-a0-2147-gfb20a63 (webtiles) character file.

42 ketsa the Insei (level 3, 0/28 HPs)
             Began as a Demigod Transmuter on Oct 24, 2015.
             Slain by a worm (2 damage)
             ... on level 2 of the Dungeon.
             The game lasted 00:05:45 (1858 turns).

ketsa the Insei (Demigod Transmuter)                Turns: 1858, Time: 00:05:45

Health: 0/28       AC:  5    Str: 13    XL:     3   Next: 19%
Magic:  17/17      EV: 13    Int: 19    God:
Gold:   55         SH:  0    Dex: 16    Spells: 2 memorised, 3 levels left

rFire  . . .     SeeInvis .       - Unarmed
rCold  . . .     Clarity  .     b - +0 robe
rNeg   . . .     SustAt   +     (no shield)
rPois  +         Gourm    .     i - +2 helmet
rElec  .         Spirit   .     (no cloak)
rCorr  .         Warding  .     (no gloves)
rMut   .         Stasis   .     (no boots)
MR     .....                    (no amulet)
Stlth  ++........               j - ring of poison resistance
                                n - ring of magical power

@: not resistant to hostile enchantments, unstealthy
A: high mp 1, sustain attributes
a: no special abilities


You were on level 2 of the Dungeon.
You were not hungry.

You visited 1 branch of the dungeon, and saw 2 of its levels.

You collected 55 gold pieces.

Inventory:

Hand Weapons
 h - a +0 short sword
Missiles
 a - 21 arrows
 o - 55 stones (quivered)
 p - 18 sling bullets
Armour
 b - a +0 robe (worn)
 g - a +0 robe
 i - a +2 helmet (worn)
Jewellery
 e - an uncursed ring of wizardry
 j - a ring of poison resistance (right hand)
 n - a ring of magical power (left hand)
Wands
 s - a wand of flame (23)
Scrolls
 r - a scroll of recharging {unknown}
Potions
 k - 3 potions of curing {unknown}
 m - a potion of might {unknown}
Books
 c - a book of Changes

   Spells                             Type                      Level
   a - Beastly Appendage              Transmutation                1
   b - Sticks to Snakes               Transmutation                2
   c - Spider Form                    Transmutation/Poison         3
   d - Ice Form                       Ice/Transmutation            4
   e - Blade Hands                    Transmutation                5
Comestibles
 d - a bread ration
 f - a slice of pizza
 l - a chunk of flesh
 q - a beef jerky


   Skills:
 + Level 1.4 Fighting
 + Level 2.1 Dodging
 + Level 0.4 Stealth
 + Level 3.0 Unarmed Combat
 + Level 2.2 Spellcasting
 + Level 2.1 Transmutations


You had 3 spell levels left.
You knew the following spells:

 Your Spells              Type           Power        Failure   Level  Hunger
a - Beastly Appendage     Trmt           ##....       10%         1    #......
b - Sticks to Snakes      Trmt           ##........   12%         2    ##.....


Dungeon Overview and Level Annotations

Branches:
Dungeon (2/15)


Innate Abilities, Weirdness & Mutations

You have an increased reservoir of magic (+10% MP).
Your attributes are resistant to harm.


Message History

You are too injured to fight recklessly!
You are too injured to fight recklessly!
You are too injured to fight recklessly!
You are too injured to fight recklessly!
You are too injured to fight recklessly!
You are too injured to fight recklessly!
You hit the worm.
The worm is almost dead.
The kobold hits you but does no damage.
You hit the worm but do no damage.
The worm is almost dead.
The kobold barely misses you. The worm bites you.
* * * LOW HITPOINT WARNING * * *
You hit the worm but do no damage.
The worm is almost dead.
The kobold closely misses you.
You hit the worm but do no damage.
The worm is almost dead.
The worm bites you.
You die...

...##........###.#.#
#...##.##......##.#.#
###....................
#.........#.###..##.#.#
#......#..#.# #..##.#.#
#......#..#.###..##.#.#
#......+..............#
#....wK#..#####.#######
#.....@#..# #.#
........(..# #.#
#######.#%.# #.. #....#
.## ##..... . #......#
.......# ..........
...#>.......


You could see a worm and a kobold.

Vanquished Creatures
  An adder (D:2)
  A ball python (D:1)
  2 bats (D:1)
  A giant cockroach (D:1)
  5 goblins (D:1)
  5 hobgoblins (D:1)
  5 jackals
  6 kobolds
  A giant gecko (D:2)
  A giant newt (D:1)
  3 rats
31 creatures vanquished.

Vanquished Creatures (others)
  7 toadstools (D:1)
7 creatures vanquished.

Grand Total: 38 creatures vanquished

Notes
Turn   | Place    | Note
--------------------------------------------------------------
     0 | D:1      | ketsa the Demigod Transmuter began the quest for the Orb.
     0 | D:1      | Reached XP level 1. HP: 15/15 MP: 5/5
   114 | D:1      | Reached skill level 1 in Fighting
   794 | D:1      | Reached XP level 2. HP: 23/23 MP: 5/7
   801 | D:1      | Learned a level 2 spell: Sticks to Snakes
  1163 | D:1      | Reached skill level 3 in Unarmed Combat
  1754 | D:2      | Reached XP level 3. HP: 26/28 MP: 8/8
  1858 | D:2      | Slain by a worm

Vault maps used:
D:1:      nagdon_arrival_double_spiral

Action                   || total
-------------------------++-------
Melee: Unarmed           ||   126
Throw: Stone             ||     4
 Cast: Beastly Appendage ||    21
 Stab: Sleeping          ||     2
  Eat: Chunk             ||     3
